 Dungeon Crawl Stone Soup version 0.30-a0-534-gdc55766716 (webtiles) character file.

Game seed: 11746279668597433727

631 hikkokomori the Slasher (level 7, -5/42 HPs)
             Began as a Tengu Warper on Dec 25, 2022.
             Slain by an ice beast (7 damage)
             ... on level 5 of the Dungeon.
             The game lasted 00:09:00 (3815 turns).

hikkokomori the Slasher (Tengu Warper)              Turns: 3815, Time: 00:09:01

Health: -5/42      AC:  4    Str: 11    XL:     7   Next: 48%
Magic:  11/11      EV: 18    Int: 13    God:
Gold:   204        SH:  3    Dex: 16    Spells: 5/10 levels left

rFire   . . .      SeeInvis .    a - +0 falchion
rCold   . . .      Faith    .    k - +0 buckler
rNeg    . . .      Spirit   .    b - +0 leather armour
rPois   .          Reflect  .    (helmet restricted)
rElec   .          Harm     .    s - +0 cloak
rCorr   .          Rampage  .    (no gloves)
Will    .....                    (boots unavailable)
Stlth   ++                       (no amulet)
HPRegen 0.27/turn                j - +4 ring of evasion
MPRegen 0.12/turn                (no ring)

@: flying quickly and evasively, quick
A: beak, talons 3, nimble flight
a: no special abilities


You were on level 5 of the Dungeon.
You visited 2 branches of the dungeon, and saw 6 of its levels.

You collected 204 gold pieces.

Inventory:

Hand Weapons
 a - a +0 falchion (weapon)
 q - a +1 short sword of freezing
Missiles
 d - 7 boomerangs of dispersal (quivered)
 t - 10 boomerangs
 u - 2 throwing nets
Armour
 b - a +0 leather armour (worn)
 k - a +0 buckler (worn)
 s - a +0 cloak (worn)
Jewellery
 j - a +4 ring of evasion (left hand)
Wands
 p - a wand of mindburst (16)
 w - a wand of flame (16)
Scrolls
 c - 2 scrolls of blinking
 e - 2 scrolls of teleportation
 f - a scroll of noise {unknown}
 g - 3 scrolls of enchant armour
 h - 2 scrolls of fear
 i - a scroll of enchant weapon {unknown}
 o - a scroll of identify
 v - a scroll of immolation
 y - a scroll of summoning {unknown}
 A - 2 scrolls of vulnerability {unknown}
Potions
 l - 2 potions of heal wounds
 m - a potion of ambrosia {unknown}
 n - 2 potions of lignification {unknown}
 r - a potion of brilliance {unknown}
 x - a potion of mutation {unknown}
 z - a potion of degeneration {unknown}
 B - a potion of cancellation {unknown}


   Skills:
 + Level 3.9 Fighting
 + Level 4.2 Long Blades
 - Level 1.0 Throwing
 - Level 1.1 Armour
 - Level 2.7 Dodging
 + Level 2.8 Stealth
 - Level 2.3 Spellcasting
 + Level 3.7 Translocations
 + Level 3.8 Air Magic
 + Level 1.8 Evocations


You had 5 spell levels left.
You knew the following spells:

 Your Spells              Type           Power      Damage    Failure   Level
a - Blink                 Tloc           22%        N/A       14%         2
b - Vhi's Electric Charg  Tloc/Air       22%        N/A       28%         3

Your spell library contained the following spells:

 Spells                   Type           Power      Damage    Failure   Level
 Lesser Beckoning         Tloc           22%        N/A       28%         3
 Teleport Other           Tloc           11%        N/A       28%         3
 Momentum Strike          Conj/Tloc      12%        3d8       30%         2
 Ensorcelled Hibernation  Hex/Ice        2%         N/A       56%         2
 Manifold Assault         Tloc           11%        N/A       67%         4
 Spider Form              Tmut/Pois      1%         N/A       80%         3
 Anguish                  Hex/Necr       0%         N/A       99%         4
 Enfeeble                 Hex            0%         N/A       100%        7


Dungeon Overview and Level Annotations

Branches:
Dungeon (5/15)             Temple (1/1) D:4

Altars:
Ashenzari
Cheibriados
Elyvilon
Hepliaklqana
Kikubaaqudgha
Makhleb
Nemelex Xobeh
Sif Muna
Trog
Uskayaw
Vehumet
Wu Jian
Xom
Yredelemnul
The Shining One


Innate Abilities, Weirdness & Mutations

You have a beak for a mouth.
You have claws for feet.
Your magical nature lets you fly swiftly and evasively.


Message History

You barely miss the ice beast.
The ice beast is heavily wounded.
The ice beast hits you but does no damage.
You barely miss the ice beast. Your kick misses the ice beast.
The ice beast is heavily wounded.
The ice beast closely misses you. The ice beast misses you.
You barely miss the ice beast.
The ice beast is heavily wounded.
The ice beast closely misses you.
You closely miss the ice beast. Your kick misses the ice beast.
Your peck misses the ice beast.
The ice beast is heavily wounded.
The ice beast barely misses you.
You closely miss the ice beast.
You claw the ice beast, but do no damage.
Your peck misses the ice beast.
The ice beast is heavily wounded.
The ice beast hits you. The ice beast freezes you!
You are too injured to fight recklessly!
You are too injured to fight recklessly!
You barely miss the ice beast.
You peck the ice beast, but do no damage.
The ice beast is heavily wounded.
The ice beast misses you.
You hit the ice beast but do no damage.
The ice beast is heavily wounded.
The ice beast hits you.
* * * LOW HITPOINT WARNING * * *
The ice beast freezes you!
* * * LOW HITPOINT WARNING * * *
Unknown command.
Aiming: Throw Flame
Press: ? - help, Shift-Dir - straight line, f - ice beast
Aim: an ice beast (heavily wounded, 71% to hit)
The puff of flame hits the ice beast!
The ice beast melts!
The ice beast is almost dead.
The ice beast hits you.
* * * LOW HITPOINT WARNING * * *
The ice beast freezes you!
You die...

....##
#.......#
..<.#
###.#####
##.##
#.....#
#.#
#####.#
#+# #.#
#.# #.#
#.# #@#
#Y# #.#
#.# #.#
#.# ...
..#


You could see an ice beast.

Vanquished Creatures
  A kobold brigand (D:4)
  A scorpion (D:4)
  2 orc priests (D:3)
  A hound (D:5)
  3 iguanas (D:4)
  A jelly (D:3)
  An orc wizard (D:3)
  Natasha (thrice) (D:2)
  7 adders
  A shadow imp (D:5)
  An ufetubus (D:4)
  4 dart slugs
  14 orcs
  15 ball pythons
  8 endoplasms
  8 goblins
  6 hobgoblins
  9 jackals
  2 quokkas
  7 bats
  4 frilled lizards
  10 kobolds
  9 rats
118 creatures vanquished.

Vanquished Creatures (others)
  8 plants (D:4)
8 creatures vanquished.

Grand Total: 126 creatures vanquished

Notes
Turn   | Place    | Note
-------+----------+-------------------------------------------
     0 | D:1      | hikkokomori the Tengu Warper began the quest for the Orb.
     0 | D:1      | Reached XP level 1. HP: 12/12 MP: 4/4
   168 | D:1      | Reached XP level 2. HP: 17/17 MP: 6/6
   444 | D:1      | Reached XP level 3. HP: 20/21 MP: 7/7
   757 | D:2      | Learned a level 2 spell: Blink
   761 | D:2      | Learned a level 3 spell: Vhi's Electric Charge
   866 | D:2      | Noticed Natasha
   873 | D:2      | Killed Natasha
   874 | D:2      | Reached skill level 1 in Air Magic
   874 | D:2      | Reached XP level 4. HP: 14/27 MP: 8/8
   983 | D:2      | Reached skill level 3 in Long Blades
  1057 | D:2      | Noticed Natasha
  1067 | D:2      | Killed Natasha
  1068 | D:2      | Reached skill level 1 in Stealth
  1068 | D:2      | Gained mutation: Your magical nature lets you fly swiftly
                  | and evasively. [Tengu growth]
  1068 | D:2      | Reached XP level 5. HP: 25/32 MP: 6/9
  1283 | D:2      | Noticed Natasha
  1290 | D:2      | Killed Natasha
  1918 | D:3      | Reached XP level 6. HP: 37/37 MP: 10/10
  2650 | D:3      | HP: 1/37 [something/magic dart (7)]
  2894 | D:4      | Reached skill level 1 in Evocations
  3035 | D:4      | Reached XP level 7. HP: 41/41 MP: 11/11
  3072 | D:4      | Reached skill level 4 in Long Blades
  3382 | D:4      | Found a staircase to the Ecumenical Temple.
  3445 | Temple   | Entered the Ecumenical Temple
  3445 | Temple   | Found a transporter.
  3445 | Temple   | Found a transporter.
  3447 | Temple   | Found a transporter.
  3447 | Temple   | Found a transporter.
  3711 | D:5      | Entered Level 5 of the Dungeon
  3815 | D:5      | HP: 2/42 [ice beast (2)]
  3815 | D:5      | Slain by an ice beast

Illustrated notes

Levels and vault maps discovered:
D:1:      lightli_arrival_isolated_outpost, layout_basic
D:2:      layout_loops_ring, uniq_natasha
D:3:      minmay_bubble_buster, layout_basic
D:4:      layout_basic, minmay_temple_entry_hall, minmay_misc_feat_roman,
          lexackson_kobold_supper
D:5:      nicolae_BIG_FREAKIN_CUBE, layout_loops_corners
Temple:   hellmonk_temple_divided_pantheon

Skill      XL: |  1  2  3  4  5  6  7 |
---------------+----------------------+-----
Air Magic      | 1 2 3 |  3.8
Long Blades    | 3 4 |  4.2
Stealth        | 1 2 |  2.8
Translocations | 3 |  3.7
Fighting       | 3 |  3.9
Evocations     | 1 |  1.8
Throwing       | |  1.0
Armour         | |  1.1
Dodging        | |  2.7
Spellcasting   | |  2.3

Action                   |  1- 3 |  4- 6 |  7- 9 || total
-------------------------+-------+-------+-------++-------
Melee: Falchion          |    64 |   185 |    75 ||   324
       Peck              |     5 |    31 |     9 ||    45
       Kick              |    10 |    39 |    28 ||    77
Evoke: Wand              |       |       |     2 ||     2
  Use: Potion            |       |     3 |       ||     3
       Scroll            |       |     5 |       ||     5
 Stab: Sleeping          |       |     3 |     2 ||     5
Armor: Leather armour    |    24 |    24 |    12 ||    60
Dodge: Dodged            |    59 |   151 |    55 ||   265
Block: Buckler           |     3 |    23 |     8 ||    34

Table legend: (Time is in decaauts)
 A = Elapsed time spent in this place.
 B = Non-inter-level travel time spent in this place.
 C = Inter-level travel time spent in this place.
 D = Time resting spent in this place.
 E = Time spent auto-exploring this place.
 F = Levels seen in this place.
 G = Mean time per level.
                   A        B        C        D        E       F      G
               +--------+--------+--------+--------+--------+-----+--------+
         Total |   3688 |   3505 |    183 |    157 |   2381 |   6 |  614.7 |
       Dungeon |   3644 |   3478 |    166 |    157 |   2377 |   5 |  728.8 |
        Temple |     44 |     27 |     17 |      0 |      4 |   1 |   44.0 |
               +--------+--------+--------+--------+--------+-----+--------+

Top non-repeatable levels by time:
     D:3: 1258 daAuts
     D:2: 767 daAuts
     D:4: 757 daAuts
     D:1: 757 daAuts
     D:5: 103 daAuts
  Temple: 44 daAuts
